 Dungeon Crawl Stone Soup version 0.17-a0-1046-ga09e34d (webtiles) character file.

556 namelastname112 the Slasher (level 7, -5/91 HPs)
             Began as a Mottled Draconian Berserker on May 15, 2015.
             Was a Priest of Trog.
             Slain by namelastname112's ghost (11 damage)
             ... on level 4 of the Dungeon.
             The game lasted 00:05:01 (2611 turns).

namelastname112 the Slasher (DrBe)                  Turns: 2611, Time: 00:05:01

Health: -5/91      AC:  7    Str: 24    XL:     7   Next: 8%
Magic:  7/7        EV: 13    Int:  7    God:    Trog [***...]
Gold:   259        SH:  0    Dex: 13    Spells: 0 memorised, 6 levels left

rFire  + . .     SeeInvis .     p - +4 falchion (drain)
rCold  . . .     Clarity  .     (armour unavailable)
rNeg   . . .     SustAb   .     (no shield)
rPois  .         Gourm    .     (helmet restricted)
rElec  .         Spirit   .     (no cloak)
rCorr  .         Warding  .     (no gloves)
rMut   .         Stasis   .     a - +0 pair of boots
MR     .....                    (no amulet)
Stlth  ..........               A - ring of protection from fire (curse)
                                u - ring of invisibility

@: berserking (expiring), very quick, not resistant to hostile enchantments,
extremely unstealthy
A: breathe sticky flame splash, unfitting armour, cold-blooded, AC +6
a: Breathe Sticky Flame, Burn Spellbooks, Berserk, Trog's Hand, Renounce
Religion, Evoke Invisibility


You were on level 4 of the Dungeon.
You worshipped Trog.
Trog was most pleased with you.
You were hungry.

You visited 1 branch of the dungeon, and saw 4 of its levels.

You collected 259 gold pieces.

Inventory:

Hand weapons
 p - a +4 falchion of draining (weapon)
Armour
 a - a +0 pair of boots (worn)
 m - a cursed +0 buckler
 t - a +0 shield
Jewellery
 u - a ring of invisibility (left hand)
 A - a cursed ring of protection from fire (right hand)
Magical devices
 s - a wand of lightning (5)
 y - a wand of teleportation (7)
Scrolls
 d - 4 scrolls of fear {unknown}
 e - 3 scrolls of teleportation {unknown}
 g - 3 scrolls of noise {unknown}
 h - a scroll of enchant armour {unknown}
 l - a scroll of remove curse {unknown}
 r - a scroll of identify {unknown}
 v - a scroll of enchant weapon {unknown}
 x - a scroll of recharging {unknown}
 z - a scroll of immolation {unknown}
Potions
 f - a potion of degeneration
 i - 3 potions of curing {unknown}
 j - a potion of ambrosia
 n - 3 potions of might {unknown}
 o - 2 potions of magic {unknown}
 w - 3 potions of brilliance {unknown}
Comestibles
 b - 3 bread rations
 c - 4 fruits
 k - a beef jerky
 q - a meat ration


   Skills:
 + Level 5.3 Fighting
 * Level 6.3 Long Blades
 + Level 4.0 Dodging


You had 6 spell levels left.
You didn't know any spells.

Dungeon Overview and Level Annotations

Branches:
Dungeon (4/15)             Temple (0/1) D:4

Altars:
Cheibriados
Elyvilon

Annotations:
D:4 namelastname112's ghost, average DrAM


Innate Abilities, Weirdness & Mutations

You can spit globs of burning liquid.
You can ignite nearby creatures when you spit burning liquid.
Your weird mottled scales are hard (AC +6).
Your body does not fit into most forms of armour.
You are cold-blooded and may be slowed by cold attacks.


Message History

You barely miss namelastname112's ghost.
Namelastname112's ghost is severely damaged.
Namelastname112's ghost hits you!
* * * LOW HITPOINT WARNING * * *
You are too injured to fight recklessly!
You closely miss namelastname112's ghost.
You tail-slap namelastname112's ghost.
Namelastname112's ghost is severely damaged.
You closely miss namelastname112's ghost.
You tail-slap namelastname112's ghost, but do no damage.
Namelastname112's ghost is severely damaged.
Namelastname112's ghost hits you!
* * * LOW HITPOINT WARNING * * *
Unknown command.
You are too berserk!
Unknown command.
You slash namelastname112's ghost!
Namelastname112's ghost is almost destroyed.
Namelastname112's ghost hits you!
You die...

#......# #......#
########..#######
##...####..#..#..##
#.................#
#.................#
######..##.####..########
.#.#....#..##.####..######..
...........@W...............
#......)...)................
#+####'###...####.####..##..##
##.####.###...####)# #.†##+###
.................#.. ...... #.
.................+...........#.
.................#..........<#.
.................#...........#.
.................#...........#.


You could see namelastname112's ghost.

Vanquished Creatures
  2 ogres
  A hound (D:4)
  An orc priest (D:4)
  3 orc wizards
  Natasha (thrice) (D:2)
  A centaur skeleton (D:4)
  The ghost of koooch the Skirmisher, a weakling DDBe of Trog (D:3)
  3 gnolls (D:2)
  8 adders
  3 worms
  2 giant geckos (D:2)
  9 orcs
  2 ball pythons
  A giant cockroach (D:3)
  6 goblins
  5 hobgoblins
  2 quokkas
  7 bats
  A giant newt (D:1)
  5 jackals
  3 kobolds
  A quokka skeleton (D:4)
  4 rats
74 creatures vanquished.

Notes
Turn   | Place    | Note
--------------------------------------------------------------
     0 | D:1      | namelastname112 the Draconian Berserker began the quest for the Orb.
     0 | D:1      | Reached XP level 1. HP: 19/19 MP: 1/1
   161 | D:1      | Reached XP level 2. HP: 23/26 MP: 2/2
   549 | D:1      | You fall through a shaft!
   614 | D:2      | Found a white marble altar of Elyvilon.
   659 | D:2      | Reached XP level 3. HP: 22/33 MP: 3/3
   807 | D:2      | Acquired Trog's second power
   840 | D:2      | Reached skill level 4 in Long Blades
   887 | D:2      | Reached XP level 4. HP: 40/40 MP: 4/4
  1381 | D:2      | Noticed Natasha
  1390 | D:2      | Killed Natasha
  1627 | D:2      | Noticed Natasha
  1641 | D:2      | Killed Natasha
  1737 | D:2      | Noticed Natasha
  1743 | D:2      | Killed Natasha
  1824 | D:3      | Noticed koooch's ghost (weakling DDBe)
  1830 | D:3      | Killed koooch's ghost
  1830 | D:3      | Reached XP level 5. HP: 46/46 MP: 5/5
  1875 | D:3      | Reached skill level 5 in Long Blades
  2044 | D:3      | Found a snail-covered altar of Cheibriados.
  2165 | D:3      | Noticed an ogre
  2173 | D:3      | Killed an ogre
  2173 | D:3      | Reached XP level 6. HP: 55/55 MP: 6/6
  2356 | D:4      | Found a staircase to the Ecumenical Temple.
  2359 | D:4      | Reached skill level 5 in Fighting
  2425 | D:4      | Reached skill level 6 in Long Blades
  2600 | D:4      | Noticed namelastname112's ghost (average DrAM)
  2600 | D:4      | Your scales start taking on a weird mottled colour.
  2600 | D:4      | Reached XP level 7. HP: 48/61 MP: 7/7
  2611 | D:4      | Slain by namelastname112's ghost

Vault maps used:
D:1:      lightli_arrival_boilingwater
D:2:      elyvilon_altar_5, uniq_natasha
D:3:      lemuel_doored_altar
D:4:      zin_scriptorium, temple_statues, minmay_ruptured

Action                   |  1- 3 |  4- 6 |  7- 9 || total
-------------------------+-------+-------+-------++-------
Melee: Falchion          |    65 |   149 |    10 ||   224
Invok: Berserk           |     2 |     6 |       ||     8
       Trog's Hand       |       |     2 |       ||     2
  Use: Potion            |       |     2 |       ||     2
  Eat: Chunk             |       |     8 |       ||     8
       Meat ration       |       |     1 |       ||     1
